 Dungeon Crawl Stone Soup version 0.26-a0-163-g6c8a0bf695 (webtiles) character file.

Game seed: 10329424445906827083

177 Murumi the Skirmisher (level 5, -2/42 HPs)
             Began as a Formicid Abyssal Knight on July 3, 2020.
             Was a Believer of Lugonu.
             Slain by an orc warrior
             ... wielding a +0 short sword
              (4 damage)
             ... on level 3 of the Dungeon.
             The game lasted 00:08:42 (2190 turns).

Murumi the Skirmisher (Formicid Abyssal Knight)     Turns: 2190, Time: 00:08:43

Health: -2/42      AC:  9    Str: 18    XL:     5   Next: 87%
Magic:  6/6        EV:  7    Int: 11    God:    Lugonu [**....]
Gold:   126        SH:  0    Dex: 10    Spells: 4/4 levels left

rFire    . . .     SeeInvis +   a - +2 falchion
rCold    . . .     Faith    .   (no shield)
rNeg     . . .     Spirit   .   i - +0 chain mail
rPois    .         Reflect  .   (helmet unavailable)
rElec    .         Harm     .   (no cloak)
rCorr    .                      (no gloves)
MR       .....                  (no boots)
Stlth    ..........             k - amulet of regeneration
HPRegen  0.54/turn              (no ring)
MPRegen  0.10/turn              (no ring)

@: brilliant
A: permanent stasis, dig shafts and tunnels, four strong arms, antennae 3
a: Dig, Shaft Self, Depart the Abyss, Bend Space, Renounce Religion


You were on level 3 of the Dungeon.
You worshipped Lugonu.
Lugonu was pleased with you.
You were not hungry.

You visited 1 branch of the dungeon, and saw 3 of its levels.
You visited the Abyss 1 time.

You collected 126 gold pieces.

Inventory:

Hand Weapons
 a - a +2 falchion (weapon)
Armour
 i - a +0 chain mail (worn)
Jewellery
 k - an amulet of regeneration (around neck)
Wands
 j - a wand of digging (5)
 l - a wand of enslavement (5)
Scrolls
 b - a scroll of enchant weapon
 e - a scroll of fear
 g - 2 scrolls of remove curse
 h - 2 scrolls of identify
Potions
 f - 2 potions of flight
Comestibles
 c - 3 rations


   Skills:
 - Level 4.0 Fighting
 + Level 3.6 Long Blades
 - Level 4.0 Armour
 - Level 1.0 Dodging
 - Level 2.1 Invocations
 - Level 2.0 Evocations


You had 4 spell levels left.
You didn't know any spells.
Your spell library was empty.

Dungeon Overview and Level Annotations

Branches:
Dungeon (3/15)

Altars:


Innate Abilities, Weirdness & Mutations

You cannot be hasted, slowed, berserked, paralysed or teleported.
You can dig through walls and to a lower floor.
Your four strong arms can wield two-handed weapons with a shield.
You have a pair of large antennae on your head. (SInv)


Message History

Evoke which item? (* to show all) (? for menu, Esc to quit)
Okay, then.
Really attack your orc warrior?
You strike your helpless orc warrior from behind!
You hit your orc warrior but do no damage.
The orc warrior is no longer charmed.
The orc warrior is moderately wounded.
The orc warrior hits you with a +0 short sword! x2
You hit the orc warrior.
The orc warrior is heavily wounded.
The orc warrior hits you with a +0 short sword.
You closely miss the orc warrior.
The orc warrior is heavily wounded.
The orc warrior hits you with a +0 short sword!
* * * LOW HITPOINT WARNING * * *
Okay, then.
It was a potion of brilliance.
You feel clever all of a sudden.
The orc warrior hits you with a +0 short sword.
You die...

#.# .# #.# .>.
##.## ###
...###...## ..#
..........######
..#
................
#.# #............
..###.# #.)@#
...##.##.# ##o##
.........# #.#
##.##.### #.#
#.##.#.## #.#
#.##.##)# #.#
#.##.#.#######.#
##.#.<†.........#
.#.#...........##


You could see an orc warrior.

Vanquished Creatures
  2 orc priests (D:3)
  3 adders
  A worm (D:3)
  4 dart slugs
  3 leopard geckos
  7 orcs
  6 bats
  7 giant cockroaches
  3 goblins
  7 hobgoblins
  2 jackals (D:2)
  2 quokkas
  A ball python (D:2)
  4 frilled lizards
  8 kobolds
  4 rats
64 creatures vanquished.

Vanquished Creatures (collateral kills)
  3 orcs (D:3)
3 creatures vanquished.

Grand Total: 67 creatures vanquished

Notes
Turn   | Place    | Note
-------+----------+-------------------------------------------
     0 | Abyss:1  | Murumi the Formicid Abyssal Knight began the quest for the
                  | Orb.
     0 | Abyss:1  | Reached XP level 1. HP: 18/18 MP: 2/2
     0 | D:1      | Escaped the Abyss
    81 | D:1      | Reached skill level 1 in Dodging
   147 | D:1      | Reached XP level 2. HP: 23/24 MP: 3/3
   309 | D:1      | Reached * piety under Lugonu
   325 | D:1      | Reached XP level 3. HP: 29/29 MP: 4/4
   967 | D:2      | Reached XP level 4. HP: 37/37 MP: 5/5
  1532 | D:2      | Reached ** piety under Lugonu
  1843 | D:2      | Reached XP level 5. HP: 42/42 MP: 6/6
  1972 | D:3      | Found a faded altar of an unknown god.
  1997 | D:3      | Reached skill level 1 in Evocations
  2169 | D:3      | Noticed an orc warrior
  2189 | D:3      | HP: 2/42 [orc warrior/+0 short sword (15)]
  2190 | D:3      | Slain by an orc warrior

Illustrated notes

Levels and vault maps discovered:
D:1:      moated_graveyard_arrival, layout_basic
D:2:      layout_basic
D:3:      layout_loops_ring, chequers_ecumenical_altar_simple

Skill      XL: |  1  2  3  4  5 |
---------------+----------------+-----
Dodging        | 1 |  1.0
Armour         | 3 4 |  4.0
Long Blades    | 3 |  3.6
Fighting       | 4 |  4.0
Evocations     | 2 |  2.0
Invocations    | |  2.1

Action                   |  1- 3 |  4- 6 || total
-------------------------+-------+-------++-------
Melee: Falchion          |    83 |   119 ||   202
Invok: Depart the Abyss  |     1 |       ||     1
 Abil: Dig               |       |     1 ||     1
Evoke: Wand              |       |     2 ||     2
  Use: Scroll            |     2 |     4 ||     6
       Potion            |       |     1 ||     1
 Stab: Betrayed ally     |       |     1 ||     1
  Eat: Chunk             |       |     5 ||     5
Armor: Ring mail         |    20 |       ||    20
       Chain mail        |    32 |    62 ||    94
Dodge: Dodged            |    55 |    64 ||   119
       Rpst.: Falchion   |    19 |    21 ||    40

Table legend:
 A = Non-vault XP
 B = Vault XP
 C = Vault XP percentage of total XP
 D = Non-vault monster count
 E = Vault monster count
 F = Vault count percentage of total count
                 A         B        C        D         E       F
            +---------+---------+-------+---------+---------+-------
      Total |     253 |       0 |   0.0 |      67 |       0 |   0.0
            +---------+---------+-------+---------+---------+-------
        D:1 |      66 |       0 |   0.0 |      26 |       0 |   0.0
        D:2 |      74 |       0 |   0.0 |      27 |       0 |   0.0
        D:3 |     113 |       0 |   0.0 |      14 |       0 |   0.0
            +---------+---------+-------+---------+---------+-------
